 Dungeon Crawl Stone Soup version 0.29-a0-509-g793eeb5391 (webtiles) character file.

Game seed: 6959499640716782568

19159 Lekart the Blocker (level 12, -10/106 HPs)
             Began as a Yellow Draconian Chaos Knight on May 24, 2022.
             Was a Plaything of Xom.
             Mangled by Donald
             ... wielding a +2 vorpal double sword
              (14 damage)
             ... on level 1 of the Orcish Mines on May 29, 2022.
             The game lasted 00:30:48 (11871 turns).

Lekart the Blocker (Yellow Draconian Chaos Knight) Turns: 11871, Time: 00:30:49

Health: -10/106    AC: 13    Str: 20      XL:     12   Next: 34%
Magic:  30/30      EV: 14    Int:  9 (10) God:    Xom [.*....]
Gold:   1117       SH: 17    Dex: 16 (17) Spells: 19/23 levels left

rFire   . . .      SeeInvis .   o - +9 spear of Megalomania {freeze, Drain rPois Will++ Str+2}
rCold   + . .      Faith    .   D - +0 kite shield
rNeg    . . .      Spirit   .   (body armour unavailable)
rPois   +          Reflect  .   u - +1 hat {Will+}
rElec   .          Harm     .   r - +0 cloak
rCorr   +          Rampage  .   s - +0 pair of gloves
Will    +++..      Clarity  +   A - +1 pair of boots {Fly}
Stlth   +++.......              t - amulet of regeneration
HPRegen 1.07/turn               y - ring of wizardry
MPRegen 0.22/turn               N - ring of magical power

@: flying, unable to read
A: spit acid, AC +8, unfitting armour, cold-blooded, acid resistance, horns 1,
large bone plates 1, camouflage 2, agile 1, clarity, cold resistance 1,
deterioration 1, dopey 1, strong 1, inability to read while threatened
a: Breathe Acid, Renounce Religion


You were on level 1 of the Orcish Mines.
You worshipped Xom.
You were a plaything of Xom.
You visited 3 branches of the dungeon, and saw 15 of its levels.
You also visited: Ossuary.

You collected 1117 gold pieces.

Inventory:

Hand Weapons
 a - a +0 falchion of chaos
 o - the +9 spear of Megalomania (weapon) {freeze, Drain rPois Will++ Str+2}
   (You found it on level 2 of the Dungeon)

   It freezes those it strikes, dealing additional cold damage.
   It can also slow down cold-blooded creatures.
   Str:       It affects your strength (+2).
   rPois:     It protects you from poison.
   Drain:     It drains your maximum health when unequipped.
   Will:      It greatly increases your willpower.
 I - a +1 scimitar of flaming
Missiles
 p - 12 curare-tipped darts (quivered)
Armour
 r - a +0 cloak (worn)
 s - a +0 pair of gloves (worn)
 u - a +1 hat of willpower (worn)
 A - a +1 pair of boots of flying (worn)
 D - a +0 kite shield (worn)
Jewellery
 i - an amulet of magic regeneration
 t - an amulet of regeneration (around neck)
 y - a ring of wizardry (left hand)
 N - a ring of magical power (right hand)
Wands
 k - a wand of iceblast (3)
 m - a wand of digging (4)
 w - a wand of polymorph (1)
 O - a wand of mindburst (2)
 P - a wand of paralysis (4)
Scrolls
 j - 2 scrolls of magic mapping
 l - 2 scrolls of brand weapon
 n - 8 scrolls of immolation
 q - 3 scrolls of enchant weapon
 v - 2 scrolls of fog
 x - 3 scrolls of poison
 B - a scroll of silence
 F - 3 scrolls of teleportation {unknown}
 H - 2 scrolls of acquirement {unknown}
 L - 2 scrolls of vulnerability {unknown}
 M - a scroll of amnesia {unknown}
Potions
 c - 2 potions of magic
 d - 9 potions of lignification
 e - 11 potions of curing
 f - 3 potions of resistance
 g - 3 potions of might
 h - 2 potions of heal wounds
 z - a potion of brilliance
 E - 3 potions of invisibility
 G - a potion of berserk rage
 J - 4 potions of mutation
 K - 2 potions of haste
Miscellaneous
 b - a piece from Xom's chessboard (14/15)


   Skills:
 - Level 9.8 Fighting
 - Level 0.3(2.4) Short Blades
 - Level 4.0 Long Blades
 - Level 9.4 Polearms
 - Level 2.3 Throwing
 - Level 6.3 Dodging
 + Level 12.4 Shields
 + Level 6.2 Spellcasting
 - Level 0.1 Necromancy
 + Level 1.1 Transmutations
 + Level 1.1 Earth Magic
 - Level 1.3 Evocations


You had 19 spell levels left.
You knew the following spells:

 Your Spells              Type           Power      Damage    Failure   Level
a - Petrify               Tmut/Erth      4%         N/A       69%         4

Your spell library contained the following spells:

 Spells                   Type           Power      Damage    Failure   Level
 Freeze                   Ice            8%         1d3       17%         1
 Slow                     Hex            8%         N/A       17%         1
 Ignite Poison            Fire/Tmut/Pois 3%         N/A       38%         3
 Vampiric Draining        Necr           3%         2d6       43%         3
 Confusing Touch          Hex            2%         N/A       45%         3
 Frozen Ramparts          Ice            4%         1d2       45%         3
 Mephitic Cloud           Conj/Pois/Air  2%         N/A       45%         3
 Portal Projectile        Hex/Tloc       4%         N/A       45%         3
 Tukima's Dance           Hex            2%         N/A       45%         3
 Airstrike                Air            1%         N/A       83%         4
 Hailstorm                Conj/Ice       2%         3d3       83%         4
 Passage of Golubria      Tloc           2%         N/A       83%         4
 Summon Lightning Spire   Summ/Air       2%         N/A       83%         4
 Blade Hands              Tmut           2%         N/A       95%         5
 Freezing Cloud           Conj/Ice/Air   1%         6-21      99%         5
 Lightning Bolt           Conj/Air       1%         1d12      99%         5
 Metabolic Englaciation   Hex/Ice        1%         N/A       99%         5
 Silence                  Hex/Air        1%         N/A       99%         5
 Statue Form              Tmut/Erth      2%         N/A       100%        6
 Lehudib's Crystal Spear  Conj/Erth      1%         10d2      100%        8


Dungeon Overview and Level Annotations

Branches:
Dungeon (11/15)            Temple (0/1) D:6            Lair (2/6) D:9
    Orc (2/2) D:11        Ossuary (visited)
  Swamp: Lair:2-4    Shoals: Lair:2-4     Snake: Lair:2-4    Spider: Lair:2-4
    Elf: Orc:2

Altars:
Nemelex Xobeh
Xom
Zin

Shops:
D:11 [(

Portals:
Trove: D:10 (give +2 shadow dragon scales)

Annotations:
D:4 3 runed translucent doors, Infinimo's ghost, amateur OgGl
D:10 exclusion: downstairs
Lair:1 exclusion: downstairs
Orc:1 Donald


Innate Abilities, Weirdness & Mutations

You can spit globs of acid.
Your golden yellow scales are hard. (AC +8)
You cannot fit into any form of body armour.
You are cold-blooded and may be slowed by cold attacks.
You are resistant to acid. (rCorr)
You have a pair of small horns on your head.
You are partially covered in large bone plates. (SH +4)
Your skin blends seamlessly with your surroundings (Stealth++).
You are agile. (Dex +2)
You possess an exceptional clarity of mind.
Your flesh is cold resistant. (rC+)
Your body sometimes deteriorates upon taking damage.
You are dopey. (Int -2)
Your muscles are strong. (Str +2)
You sometimes lose the ability to read scrolls when taking damage.


Message History

You fly downwards.
Level annotation: Donald Reactivating autopickup.
The orc high priest mumbles some strange prayers to Beogh against you.
Beogh smites you! The orc misses you.
Donald hits you with a +2 vorpal double sword!!
You feel threatened and lose the ability to read scrolls!
The orc sorcerer casts a spell.
You block Donald's attack.
The orc warrior hits you from afar with a +0 trident!
The orc high priest calls down the wrath of Beogh upon you.
Beogh smites you! You block the orc's attack.
The orc wizard mumbles some strange words.
The orc wizard flickers and vanishes!
Deactivating autopickup; reactivate with Ctrl-A.
The orc shouts!
You hear a shout!
There is a stone staircase leading up, spattered with blood here.
Something barely misses you.
The orc warrior hits you from afar with a +0 trident.
* * * LOW HITPOINT WARNING * * *
The orc high priest invokes the aid of Beogh against you.
Beogh smites you!
* * * LOW HITPOINT WARNING * * *
You block the orc's attack. You block Donald's attack.
You fly upwards.
Reactivating autopickup.
There is a stone staircase leading down, spattered with blood here.
You cannot read scrolls in your current state!
You feel much better.
Xom does a drum roll.
Something hits you but does no damage.
Deactivating autopickup; reactivate with Ctrl-A.
You block Donald's attack. The orc barely misses you.
You hit something. You freeze something. Your headbutt misses something.
Something hits you but does no damage.
Donald hits you with a +2 vorpal double sword!!!
* * * LOW HITPOINT WARNING * * *
Your body deteriorates!
You feel clumsy.
You die...
Xom howls with laughter!

##...## #...
##.#...######..#
##.......#.##.###
##.#............#
#....#..#...#..##
##.............#
##......#.##.##
####......#####
##@#.........######
#@o)..........##.##
##.#..........#....
#....).[.....###...
#.[.).....####.#...
#..).([[.#.........
#.....)............
#.................#
#..................


You could see Donald (strong) and an orc.

Vanquished Creatures
  Gastronok (D:10)
  A hydra (D:11)
  Erica (D:8)
  3 two-headed ogres
  Sonja (Orc:1)
  Pikel (D:8)
  An orc sorcerer (Orc:1)
  A shining eye (D:11)
  An ugly thing (D:11)
  2 cyclopes
  A black mamba (Lair:1)
  Joseph (D:10)
  A kobold demonologist (D:7)
  A komodo dragon (D:10)
  A cane toad (Lair:1)
  2 trolls
  A hornet (D:9)
  A polar bear (Lair:1)
  2 shadows
  2 basilisks
  9 yaks
  A steam dragon (D:7)
  Grum (D:8)
  2 wargs (Orc:1)
  An acid dragon (D:11)
  3 water moccasins
  A black bear (D:4)
  11 orc warriors
  A sky beast (D:7)
  2 ice beasts
  3 ogres
  A hornet zombie (Ossuary)
  9 wolves
  7 centaurs
  A lemure (D:8)
  2 phantoms
  A kobold brigand (D:8)
  9 bullfrogs
  A necrophage (D:5)
  A gnoll sergeant (D:8)
  2 water moccasin zombies (Ossuary)
  A wyvern zombie (Ossuary)
  5 wights (D:8)
  3 killer bees (D:8)
  3 howler monkeys
  5 electric eels (D:7)
  A centaur zombie (Ossuary)
  5 bullfrog zombies (Ossuary)
  3 hounds
  A jelly (D:5)
  18 mummies (Ossuary)
  13 orc priests
  10 iguanas
  Ijyb (D:3)
  18 orc wizards
  5 killer bee zombies (Ossuary)
  A howler monkey zombie (Ossuary)
  5 gnolls (D:8)
  11 adders
  2 shadow imps
  A white imp (D:7)
  An ufetubus (D:4)
  2 worms
  3 dart slugs
  66 orcs
  4 endoplasms
  2 giant cockroaches
  15 goblins
  4 hobgoblins
  3 jackals (D:3)
  13 kobolds
  6 quokkas
  4 ball pythons
  3 bats
  6 frilled lizards
  A rat (D:3)
340 creatures vanquished.

Vanquished Creatures (collateral kills)
  A yak (D:9)
  A wolf (D:9)
2 creatures vanquished.

Vanquished Creatures (others)
  A troll (D:9)
  A hound (D:9)
  An orc wizard (D:9)
  5 plants
  4 withered plants (Ossuary)
12 creatures vanquished.

Grand Total: 354 creatures vanquished

Notes
Turn   | Place    | Note
-------+----------+-------------------------------------------
     0 | D:1      | Lekart the Draconian Chaos Knight began the quest for the
                  | Orb.
     0 | D:1      | Reached XP level 1. HP: 19/19 MP: 1/1
     0 | D:1      | Upgraded the game from 0.29-a0-474-gdfe5cd140f to
                  | 0.29-a0-486-ga88943ba61
     0 | D:1      | Upgraded the game from 0.29-a0-486-ga88943ba61 to
                  | 0.29-a0-504-gec6baf379c
   155 | D:1      | XOM: potion effect (might)
   240 | D:1      | Reached XP level 2. HP: 27/27 MP: 2/2
   280 | D:1      | XOM: silly message
   371 | D:1      | XOM: cast spell 'Summon Mana Viper'
   399 | D:1      | XOM: scenery: summon butterflies
  1113 | D:1      | Reached XP level 3. HP: 33/33 MP: 3/3
  1414 | D:2      | Identified the +9 spear of Megalomania {freeze, Drain rPois
                  | Will++ Str+2}
  1487 | D:2      | Found a faded altar of an unknown god.
  1583 | D:2      | Found a sparkling altar of Nemelex Xobeh.
  1609 | D:2      | XOM: 1-stop teleportation journey
  2001 | D:3      | Reached skill level 1 in Spellcasting
  2027 | D:3      | Reached XP level 4. HP: 40/40 MP: 5/5
  2108 | D:3      | Found a glowing silver altar of Zin.
  2322 | D:3      | XOM: god gift: robe {god gift}
  2342 | D:3      | Noticed Ijyb
  2353 | D:3      | Killed Ijyb
  2354 | D:3      | Reached skill level 1 in Polearms
  2473 | D:3      | XOM: scenery: 1 doors open, 2 doors close
  2740 | D:4      | Reached XP level 5. HP: 47/47 MP: 6/6
  2826 | D:4      | Reached skill level 5 in Fighting
  2838 | D:4      | Reached XP level 6. HP: 51/56 MP: 8/8
  2962 | D:4      | Noticed an ice beast
  2974 | D:4      | Killed an ice beast
  2975 | D:4      | Your scales start taking on a golden yellow colour.
  2975 | D:4      | Reached XP level 7. HP: 61/61 MP: 10/10
  2975 | D:4      | Gained mutation: You are resistant to acid. (rCorr) [Yellow
                  | Draconian growth]
  3062 | D:4      | XOM: give mutations
  3062 | D:4      | Gained mutation: You are weak. (Str -2) [Xom's mischief]
  3062 | D:4      | Gained mutation: You are robust. (+10% HP) [Xom's mischief]
  3062 | D:4      | Lost mutation: You are robust. (+10% HP) [Xom's mischief]
  3062 | D:4      | Gained mutation: You occasionally shout uncontrollably at
                  | your foes. [Xom's mischief]
  3136 | D:4      | Found a runed translucent gate.
  3137 | D:4      | Found a runed translucent gate.
  3138 | D:4      | Found a runed translucent gate.
  3138 | D:4      | Noticed Infinimo's ghost (amateur OgGl)
  3591 | D:5      | Entered Level 5 of the Dungeon
  3613 | D:5      | XOM: divination: magic mapping
  3711 | D:5      | XOM: 1-stop teleportation journey
  3720 | D:5      | XOM: god gift: robe {god gift}
  3937 | D:5      | XOM: scenery: summon butterflies
  4145 | D:6      | Reached skill level 5 in Polearms
  4328 | D:6      | Reached XP level 8. HP: 71/71 MP: 12/12
  4493 | D:6      | XOM: fog
  4571 | D:6      | Found a staircase to the Ecumenical Temple.
  4752 | D:6      | Lost mutation: You are weak. (Str -2) [potion of mutation]
  4752 | D:6      | Lost mutation: You occasionally shout uncontrollably at
                  | your foes. [potion of mutation]
  4752 | D:6      | Gained mutation: You are agile. (Dex +2) [potion of
                  | mutation]
  4752 | D:6      | Gained mutation: Your mind is acute. (Int +2) [potion of
                  | mutation]
  4752 | D:6      | Gained mutation: Your skin changes colour to match your
                  | surroundings (Stealth+). [potion of mutation]
  4752 | D:6      | Gained mutation: Your skin blends seamlessly with your
                  | surroundings (Stealth++). [potion of mutation]
  4753 | D:6      | Upgraded the game from 0.29-a0-504-gec6baf379c to
                  | 0.29-a0-509-g793eeb5391
  4776 | D:7      | XOM: smoke on damage
  4844 | D:7      | Noticed a kobold demonologist
  4857 | D:7      | XOM: silly message
  4859 | D:7      | Noticed an orange demon
  4859 | D:7      | XOM: confusion (+ monsters)
  4873 | D:7      | Killed a kobold demonologist
  4954 | D:7      | XOM: 1-stop teleportation journey
  5015 | D:7      | Reached XP level 9. HP: 79/79 MP: 15/15
  5387 | D:7      | Noticed a cyclops
  5389 | D:7      | XOM: summons 1 hostile demon
  5398 | D:7      | Killed a cyclops
  5399 | D:7      | Reached skill level 5 in Dodging
  5421 | D:7      | XOM: noise
  5595 | D:8      | XOM: cloud trail
  5682 | D:8      | Noticed Pikel
  5693 | D:8      | Killed Pikel
  5694 | D:8      | Reached skill level 1 in Throwing
  5721 | D:8      | Noticed Erica
  5730 | D:8      | Killed Erica
  5731 | D:8      | Reached skill level 5 in Spellcasting
  5731 | D:8      | Reached XP level 10. HP: 83/90 MP: 17/17
  5757 | D:8      | Noticed Grum
  5758 | D:8      | XOM: confusion
  5845 | D:8      | XOM: blink monster(s)
  5846 | D:8      | Reached skill level 1 in Shields
  5846 | D:8      | Reached skill level 1 in Evocations
  5856 | D:8      | XOM: scenery: create altars
  5858 | D:8      | Killed Grum
  5890 | D:8      | Found a sand-covered staircase.
  5895 | Ossuary  | Entered an ossuary
  5999 | Ossuary  | XOM: cleaving
  6093 | Ossuary  | XOM: cleaving
  6156 | Ossuary  | XOM: god gift: spear {god gift}
  6335 | D:8      | XOM: polymorph killer bee -> howler monkey
  6337 | D:8      | XOM: confuse monster(s)
  6340 | D:8      | Reached skill level 2 in Shields
  6486 | D:8      | XOM: give mutations
  6486 | D:8      | Gained mutation: You are partially covered in large bone
                  | plates. (SH +4) [Xom's grace]
  6486 | D:8      | Gained mutation: You have a pair of small horns on your
                  | head. [Xom's grace]
  6486 | D:8      | Gained mutation: You are very agile. (Dex +4) [Xom's grace]
  6512 | D:8      | XOM: give mutations
  6512 | D:8      | Gained mutation: You possess an exceptional clarity of
                  | mind. [Xom's grace]
  6512 | D:8      | Gained mutation: Your muscles are strong. (Str +2) [Xom's
                  | grace]
  6850 | D:9      | Noticed a two-headed ogre
  6879 | D:9      | XOM: swap monsters
  6881 | D:9      | Killed a two-headed ogre
  6905 | D:9      | Found a staircase to the Lair.
  6905 | D:9      | XOM: cast spell 'Leda's Liquefaction'
  6908 | D:9      | XOM: destruction
  6913 | D:9      | XOM: enchant monster (bad)
  6921 | D:9      | XOM: smoke on damage
  6953 | D:8      | Learned a level 4 spell: Petrify
  6972 | D:9      | XOM: summons 10 friendly demons
  6983 | D:9      | Reached skill level 1 in Transmutations
  6983 | D:9      | Reached skill level 1 in Earth Magic
  7114 | D:9      | Paralysed by a hornet for 2 turns
  7117 | D:9      | XOM: summons friendly white imp
  7119 | D:9      | Reached skill level 3 in Shields
  7121 | D:9      | XOM: cast spell 'Leda's Liquefaction'
  7127 | D:9      | Reached XP level 11. HP: 30/99 MP: 20/20
  7128 | D:9      | Reached skill level 4 in Shields
  7187 | D:9      | XOM: polymorph white imp -> ufetubus
  7226 | D:9      | XOM: give mutation
  7226 | D:9      | Gained mutation: Your flesh is cold resistant. (rC+) [Xom's
                  | grace]
  8234 | D:10     | Entered Level 10 of the Dungeon
  8347 | D:10     | Reached skill level 5 in Shields
  8449 | D:10     | Noticed a two-headed ogre
  8457 | D:10     | Killed a two-headed ogre
  8458 | D:10     | Reached skill level 6 in Shields
  8517 | D:10     | XOM: potion effect (heal wounds)
  8520 | D:10     | XOM: confuse monster(s)
  8538 | D:10     | Reached skill level 7 in Shields
  8653 | D:10     | Noticed Gastronok
  8671 | D:10     | Killed Gastronok
  8672 | D:10     | Reached skill level 8 in Shields
  8723 | D:10     | Noticed Joseph
  8732 | D:10     | Killed Joseph
  8769 | D:10     | Noticed a two-headed ogre
  8775 | D:10     | Killed a two-headed ogre
  8776 | D:10     | Reached skill level 9 in Shields
  8999 | D:10     | Found a portal to a secret trove of treasure.
  9043 | D:10     | XOM: summons 6 hostile demons
  9241 | D:10     | XOM: god gift: scroll of torment
  9316 | D:11     | XOM: give mutation
  9316 | D:11     | Lost mutation: Your mind is acute. (Int +2) [Xom's
                  | mischief]
  9493 | D:11     | XOM: enchant monster (good)
  9504 | D:11     | Noticed a green ugly thing
  9519 | D:11     | Killed a green ugly thing
  9544 | D:11     | XOM: silly message
  9545 | D:11     | Noticed a five-headed hydra
  9555 | D:11     | Killed a one-headed hydra
  9565 | D:11     | Reached skill level 10 in Shields
  9637 | D:11     | Found Erriuzin's Armour Boutique.
  9637 | D:11     | Found a staircase to the Orcish Mines.
  9638 | D:11     | Found Jueceuf's Weapon Boutique.
  9647 | D:11     | Noticed a seven-headed hydra
  9647 | D:11     | XOM: 2-stop teleportation journey
  9705 | D:11     | Identified the +7 quarterstaff "Astify" {vorpal, rElec
                  | Will+ Str+2 Int-3}
  9927 | D:11     | Noticed a two-headed ogre
  9929 | D:11     | Noticed a shining eye
  9929 | D:11     | a two-headed ogre changed into a shining eye
  9937 | D:11     | Gained mutation: You sometimes lose the ability to read
                  | scrolls when taking damage. [a shining eye]
  9938 | D:11     | Killed a shining eye
 10069 | D:11     | XOM: give mutations
 10069 | D:11     | Gained mutation: You are dopey. (Int -2) [Xom's mischief]
 10069 | D:11     | Gained mutation: Your body sometimes deteriorates upon
                  | taking damage. [Xom's mischief]
 10069 | D:11     | Lost mutation: You are very agile. (Dex +4) [Xom's
                  | mischief]
 10255 | D:11     | Noticed a fire dragon
 10255 | D:11     | a seven-headed hydra changed into a fire dragon
 10255 | D:11     | XOM: polymorph seven-headed hydra -> fire dragon
 10258 | D:11     | XOM: cast spell 'Summon Dragon'
 10398 | Lair:1   | Entered Level 1 of the Lair of Beasts
 10422 | Lair:1   | Reached XP level 12. HP: 106/106 MP: 21/21
 10453 | Lair:1   | XOM: swap monsters
 10488 | Lair:1   | Reached skill level 11 in Shields
 10678 | Lair:1   | XOM: 3-stop teleportation journey
 10756 | Lair:1   | XOM: polymorph water moccasin -> basilisk
 11165 | Orc:1    | Entered Level 1 of the Orcish Mines
 11292 | Orc:1    | XOM: god gift: leather armour {god gift}
 11491 | Orc:1    | XOM: enchant monster (good)
 11641 | Orc:2    | Entered Level 2 of the Orcish Mines
 11646 | Orc:2    | XOM: summons friendly ufetubus
 11649 | Orc:2    | Noticed Sonja
 11650 | Orc:2    | Noticed an orc high priest
 11651 | Orc:2    | Noticed Donald
 11662 | Orc:1    | Reached skill level 12 in Shields
 11698 | Orc:1    | XOM: repel stairs
 11700 | Orc:1    | XOM: silly message
 11720 | Orc:1    | XOM: enchant monster (bad)
 11721 | Orc:1    | Killed Sonja
 11870 | Orc:1    | XOM: noise
 11871 | Orc:1    | HP: 4/106 [Donald/+2 vorpal double sword (48)]
 11871 | Orc:1    | Mangled by Donald

Illustrated notes

Levels and vault maps discovered:
D:1:      scummos_arrival_forest, layout_basic, serial_forest,
          infiniplex_forest_straight_4, infiniplex_forest_clump_curved,
          infiniplex_forest_straight_5, infiniplex_forest_corner_1,
          infiniplex_forest_3_way, infiniplex_forest_straight_2,
          infiniplex_forest_lined_room_3, interstate_on_off
D:2:      layout_basic, chequers_ecumenical_altar_island, basic_altar
D:3:      kennysheep_goblin_castle, layout_basic,
          mainiacjoe_overflow_surrounded_room, corner_web_ring,
          chequers_decorated_corner
D:4:      layout_rooms, ebering_ghost_rock_garden, grunt_decor_fettered
D:5:      layout_basic, bh_walls_and_bars
D:6:      layout_loops_cross, minmay_temple_entry_glassed_door
D:7:      kennysheep_big_flooded_room, layout_cave_pools
D:8:      layout_basic, enter_ossuary_5, uniq_erica, uniq_pikel, uniq_grum
D:9:      layout_layer_cave, erik_lair_island
D:10:     layout_stronghold, nicolae_trove_entry_crystal, uniq_gastronok,
          uniq_joseph
D:11:     layout_layer_cave, orc_david_3, corexii_checkpoint_a,
          minmay_lizard_king
Lair:1:   layout_regular_city, grunt_megastairs_4
Lair:2:   layout_gridlike, elwin_shoals_entry_stream,
          hellmonk_spider_entry_not_the_bees, serial_bayou_shore_b,
          lemuel_fruit_fields
Orc:1:    layout_caves
Orc:2:    grunt_orc_tribal_feast, layout_caves, uniq_maurice, uniq_sonja,
          uniq_donald

Skill      XL: |  1  2  3  4  5  6  7  8  9 10 11 12 |
---------------+-------------------------------------+-----
Fighting       | 4 5 6 7 8 9 |  9.8
Spellcasting   | 1 2 3 4 5 6 |  6.2
Polearms       | 1 2 3 5 7 8 9 |  9.4
Long Blades    | 4 |  4.0
Dodging        | 3 4 5 6 |  6.3
Throwing       | 1 2 |  2.3
Shields        | 3 10 12 | 12.4
Evocations     | 1 |  1.3
Transmutations | 1 |  1.1
Earth Magic    | 1 |  1.1
Short Blades   | |  0.3
Necromancy     | |  0.1

Action                   |  1- 3 |  4- 6 |  7- 9 | 10-12 || total
-------------------------+-------+-------+-------+-------++-------
Melee: Falchion          |    65 |       |       |       ||    65
       Tailslap          |     9 |    11 |    25 |   101 ||   146
       Spear             |    22 |    93 |   201 |   691 ||  1007
       Dagger            |     9 |       |       |       ||     9
       Punch             |       |     1 |     2 |       ||     3
       Headbutt          |       |       |       |    92 ||    92
       Scimitar          |       |       |       |     5 ||     5
Throw: Dart              |       |       |    16 |     5 ||    21
       Throwing net      |       |       |     1 |     1 ||     2
 Abil: Breathe Acid      |       |       |     2 |     8 ||    10
Evoke: Wand              |       |       |     5 |    27 ||    32
       Piece from Xom's  |       |       |       |     4 ||     4
  Use: Scroll            |       |     5 |     4 |    14 ||    23
       Potion            |       |       |     1 |     2 ||     3
 Stab: Distracted        |     1 |       |       |     1 ||     2
       Sleeping          |     1 |     3 |     1 |     8 ||    13
       Paralysed         |       |       |     3 |     4 ||     7
       Confused          |       |       |       |     5 ||     5
Armor: Skin              |    16 |    29 |    53 |   134 ||   232
Dodge: Dodged            |    40 |    44 |    71 |   273 ||   428
Block: Kite shield       |       |       |    16 |   397 ||   413

Table legend: (Time is in decaauts)
 A = Elapsed time spent in this place.
 B = Non-inter-level travel time spent in this place.
 C = Inter-level travel time spent in this place.
 D = Time resting spent in this place.
 E = Time spent auto-exploring this place.
 F = Levels seen in this place.
 G = Mean time per level.
                   A        B        C        D        E       F      G
               +--------+--------+--------+--------+--------+-----+--------+
         Total |  11742 |  10909 |    833 |    481 |   7984 |  16 |  733.9 |
       Dungeon |  10001 |   9228 |    773 |    410 |   6960 |  11 |  909.2 |
          Lair |    682 |    641 |     41 |      0 |    548 |   2 |  341.0 |
  Orcish Mines |    673 |    655 |     18 |     11 |    369 |   2 |  336.5 |
       Ossuary |    384 |    384 |      0 |     60 |    107 |   1 |  384.0 |
               +--------+--------+--------+--------+--------+-----+--------+

Top non-repeatable levels by time:
     D:9: 1378 daAuts
     D:1: 1298 daAuts
    D:10: 1209 daAuts
     D:3: 1166 daAuts
    D:11: 969 daAuts
     D:8: 858 daAuts
     D:7: 770 daAuts
  Lair:1: 681 daAuts
     D:6: 666 daAuts
     D:4: 665 daAuts
   Orc:1: 642 daAuts
     D:5: 543 daAuts
     D:2: 475 daAuts
 Ossuary: 384 daAuts
   Orc:2: 31 daAuts
